 Dungeon Crawl Stone Soup version 0.21-a0-95-g06f091e (webtiles) character file.

89 grindst0ne the Changer (level 4, -14/32 HPs)
             Began as a Merfolk Transmuter on July 4, 2017.
             Demolished by Crazy Yiuf
             ... wielding a +4 quarterstaff of chaos
              (19 damage)
             ... while paralysed by Crazy Yiuf
             ... on level 2 of the Dungeon.
             The game lasted 00:03:09 (2635 turns).

grindst0ne the Changer (Merfolk Transmuter)         Turns: 2635, Time: 00:03:09

Health: -14/32     AC:  2    Str: 11      XL:     4   Next: 55%
Magic:  2/7        EV:  5    Int:  9 (12) God:
Gold:   169        SH:  0    Dex: 18 (19) Spells: 1/7 levels left

rFire    . . .     SeeInvis .     - Unarmed
rCold    . . .     Gourm    .   (shield currently unavailable)
rNeg     . . .     Faith    .   (armour currently unavailable)
rPois    x         Spirit   .   (helmet currently unavailable)
rElec    .         Reflect  .   (cloak currently unavailable)
rCorr    .         Harm     .   (gloves currently unavailable)
MR       .....                  (boots currently unavailable)
Stlth    ++........             (no amulet)
HPRegen  0.10/turn              (no ring)
MPRegen  0.10/turn              (no ring)

@: paralysed, spider-form (expiring)
A: (change form in water), (swift swim), (stealthy swim)
a: End Transformation


You were on level 2 of the Dungeon.
You were not hungry.
You were a venomous arachnid creature.
You visited 1 branch of the dungeon, and saw 2 of its levels.

You collected 169 gold pieces.

Inventory:

Missiles
 a - 64 arrows
Armour
 b - a +0 robe (melded)
 f - a scarf of cloud immunity (melded)
Scrolls
 e - 3 scrolls of teleportation {unknown}
 g - 2 scrolls of identify {unknown}
 i - a scroll of fog {unknown}
 k - 2 scrolls of amnesia {unknown}
 l - 2 scrolls of enchant armour {unknown}
 o - a scroll of remove curse {unknown}
 q - 2 scrolls of enchant weapon {unknown}
Potions
 h - 2 potions of degeneration
 j - a potion of curing
 n - a potion of flight {unknown}
Books
 c - a book of Changes

   Spells                             Type                      Level
   a - Beastly Appendage              Transmutation                1
   b - Sticks to Snakes               Transmutation                2
   c - Spider Form                    Transmutation/Poison         3
   d - Ice Form                       Ice/Transmutation            4
   e - Blade Hands                    Transmutation                5
Comestibles
 d - a bread ration
 m - a meat ration
 p - a royal jelly
 r - a chunk of flesh


   Skills:
 - Level 1.1 Fighting
 - Level 2.6 Dodging
 - Level 4.1 Unarmed Combat
 - Level 2.0 Spellcasting
 * Level 5.3 Transmutations


You had one spell level left.
You knew the following spells:

 Your Spells              Type           Power        Failure   Level  Hunger
a - Beastly Appendage     Tmut           ##....       12%         1    ##.....
b - Spider Form           Tmut/Pois      #.........   54%         3    ####...
c - Sticks to Snakes      Tmut           ##......     16%         2    ###....


Dungeon Overview and Level Annotations

Branches:
Dungeon (2/15)

Altars:

Annotations:
D:2 Crazy Yiuf


Message History

Your scarf of cloud immunity melds into your body.
Your +0 robe melds into your body.
You feel vulnerable to the effects of clouds.
Your transformation is almost over.
Your ball python bites Crazy Yiuf but does no damage.
Your ball python grabs Crazy Yiuf.
Your ball python constricts Crazy Yiuf.
You hit Crazy Yiuf.
Crazy Yiuf is poisoned.
Crazy Yiuf is moderately wounded.
Your ball python bites Crazy Yiuf but does no damage.
Your ball python constricts Crazy Yiuf.
Crazy Yiuf hits you with a quarterstaff of chaos!
* * * LOW HITPOINT WARNING * * *
You suddenly lose the ability to move!
Your ball python bites Crazy Yiuf but does no damage.
Your ball python constricts Crazy Yiuf.
Crazy Yiuf hits you with a quarterstaff of chaos.
* * * LOW HITPOINT WARNING * * *
You are electrocuted!
Ouch! That really hurt!
You die...

#.# #....# ##...####
#.# ♣....♣ #.......#
#.# ♣♣...♣ ##....#.#
###.# ♣♣.♣♣
#.......#### ....#
♣♣.♣ ##..........
##### ♣.♣♣
#.......#### ♣♣.♣
#..#.#### ♣.♣♣ ####.#
##s## #.# #Sg.# #.#
#...# #.# #)..# #.#
###### ##### #.#
.....# #.# ####.#
############ #.# ##
#.# #.##.......###.##
#. ## #.#
#.##.##.##.##...#####.


You could see Crazy Yiuf and a friendly ball python.

Vanquished Creatures
  A worker ant (D:2)
  2 adders (D:2)
  A worm (D:2)
  3 dart slugs
  A ball python (D:1)
  A giant cockroach (D:1)
  6 goblins
  5 hobgoblins
  5 kobolds
  7 bats
  3 frilled lizards
  6 rats
41 creatures vanquished.

Notes
Turn   | Place    | Note
-------+----------+-------------------------------------------
     0 | D:1      | grindst0ne the Merfolk Transmuter began the quest for the Orb.
     0 | D:1      | Reached XP level 1. HP: 15/15 MP: 3/3
    45 | D:1      | Reached skill level 3 in Transmutations
   163 | D:1      | Reached XP level 2. HP: 19/21 MP: 3/5
   773 | D:1      | Reached XP level 3. HP: 26/26 MP: 4/6
   968 | D:2      | Reached skill level 4 in Transmutations
   985 | D:2      | Learned a level 3 spell: Spider Form
   988 | D:2      | Learned a level 2 spell: Sticks to Snakes
  1010 | D:2      | Found a runed door.
  2063 | D:2      | Reached XP level 4. HP: 32/32 MP: 5/7
  2085 | D:2      | Reached skill level 5 in Transmutations
  2628 | D:2      | Noticed Crazy Yiuf
  2634 | D:2      | Paralysed by Crazy Yiuf for 4 turns
  2635 | D:2      | Demolished by Crazy Yiuf

Vault maps used:
D:1:      dpeg_arrival_tiny_f
D:2:      uniq_crazy_yiuf_cottage

Skill      XL: |  1  2  3  4 |
---------------+-------------+-----
Transmutations | 3 4 5 |  5.3
Unarmed Combat | 4 |  4.1
Fighting       | |  1.1
Dodging        | |  2.6
Spellcasting   | |  2.0

Action                   |  1- 3 |  4- 6 || total
-------------------------+-------+-------++-------
Melee: Unarmed           |   106 |    30 ||   136
       Headbutt          |    12 |     1 ||    13
       Punch             |     2 |     1 ||     3
 Cast: Beastly Appendage |    22 |     4 ||    26
       Spider Form       |       |     1 ||     1
       Sticks to Snakes  |       |     1 ||     1
  Use: Potion            |       |     4 ||     4
  Eat: Chunk             |     4 |     2 ||     6
Armor: Robe              |    25 |     1 ||    26
       Skin              |       |     5 ||     5
Dodge: Dodged            |    67 |    22 ||    89
